 Dungeon Crawl Stone Soup version 0.31.0-11-ge490571c62 (webtiles) character file.

Game seed: 12469131209331990144

30 Gadfly the Changeling (level 3, -3/26 HPs)
             Began as a Merfolk Shapeshifter on Jan 29, 2024.
             Slain by a kobold
             ... wielding a +0 club
              (4 damage)
             ... on level 2 of the Dungeon.
             The game lasted 00:01:39 (1057 turns).

Gadfly the Changeling (Merfolk Shapeshifter)        Turns: 1057, Time: 00:01:39

Health: -3/26      AC:  3    Str: 16    XL:     3   Next: 18%
Magic:  3/3        EV: 12    Int:  7    God:
Gold:   91         SH:  0    Dex: 13    Spells: 2/2 levels left

rFire   . .          .
                       - Unarmed
rCold   . . .        (no shield)
rNeg    + . .        a - +1 animal skin
rPois   .            (helmet currently unavailable)
rElec   .            (cloak currently unavailable)
rCorr   .            f - melded +0 pair of gloves
SInv    .            (boots currently unavailable)
Will    .....        (no amulet)
Stlth   +            i - ring of positive energy
HPRegen 0.24/turn    (no ring)
MPRegen 0.08/turn

%: no passive effects
@: mighty, beast-form, hasted, very quick
A: beast (slay +2), (nimble swimmer 2), mertail, dopey 1
a: Begin Untransformation


You were on level 2 of the Dungeon.
You were a hulking beast.
You visited 1 branch of the dungeon, and saw 2 of its levels.

You collected 91 gold pieces.

Inventory:

Armour
 a - a +1 animal skin (worn)
 f - a +0 pair of gloves (melded)
Jewellery
 h - a ring of fire
 i - a ring of positive energy (left hand)
Talismans
 c - a beast talisman (active)
 d - a flux talisman
Scrolls
 j - a scroll of fear
Potions
 b - a potion of lignification
 e - a potion of might
 g - a potion of enlightenment
 k - a potion of degeneration {unknown}


   Skills:
 + Level 1.5 Fighting
 + Level 3.0 Dodging
 * Level 3.6 Unarmed Combat
 * Level 1.1 Invocations
 * Level 0.9 Evocations
 + Level 4.1 Shapeshifting


You had 2 spell levels left.
You didn't know any spells.
Your spell library was empty.

Dungeon Overview and Level Annotations

Branches:
Dungeon (2/15)

Altars:


Innate Abilities, Weirdness & Mutations

You are a hulking beast.
Your limbs bulge with bestial killing power. (Slay +2)
((You are very nimble when in or above water. (Stealth+, EV+, Speed+++)))
Your lower body shifts to a powerful aquatic tail in water.
You are dopey. (Int -2)


Message History

You are too injured to fight recklessly!
You are too injured to fight recklessly!
You are too injured to fight recklessly!
You are too injured to fight recklessly!
You are too injured to fight recklessly!
You are too injured to fight recklessly!
You are too injured to fight recklessly!
You are too injured to fight recklessly!
You are too injured to fight recklessly!
You are too injured to fight recklessly!
Unknown command.
The gnoll hits you from afar with a +0 spear.
* * * LOW HITPOINT WARNING * * *
The kobold attacks as it pursues you! The kobold barely misses you.
The kobold attacks as it pursues you! The kobold barely misses you.
The kobold attacks as it pursues you! The kobold hits you but does no damage.
The kobold attacks as it pursues you! The kobold closely misses you.
The kobold attacks as it pursues you! The kobold hits you with a +0 club.
* * * LOW HITPOINT WARNING * * *
Okay, then.
The kobold attacks as it pursues you! The kobold hits you with a +0 club.
* * * LOW HITPOINT WARNING * * *
The kobold attacks as it pursues you! The kobold hits you but does no damage.
A bat comes into view.
A hobgoblin comes into view.
Found an emerald potion.
The kobold attacks as it pursues you! The kobold closely misses you.
You see here an emerald potion.
m - an emerald potion The kobold attacks as it pursues you!
The kobold hits you with a +0 club.
* * * LOW HITPOINT WARNING * * *
It was a potion of might.
You feel very mighty all of a sudden. The kobold hits you with a +0 club.
* * * LOW HITPOINT WARNING * * *
It was a potion of haste.
You feel yourself speed up. The kobold barely misses you.
It was a potion of mutation.
You feel extremely strange.
You feel stupid. The kobold hits you with a +0 club.
You die...

.#####..##.#
#.....###...
.....#..##.#
#.....##..#.
.....#..##.#
#...รท....###
........##.#
#.......##[.
#......b...#
######...###
##+###g####
#....#.
#....g#
##.....
#####K#
##....
#...h.# ##.#.
#.##### #.##
#... ####


You could see a hobgoblin and a kobold.

Vanquished Creatures
  An adder (D:2)
  2 dart slugs
  A ball python (D:1)
  2 endoplasms
  3 goblins
  A hobgoblin (D:2)
  2 bats (D:2)
  A frilled lizard (D:2)
  3 kobolds
16 creatures vanquished.

Notes
Turn   | Place    | Note
-------+----------+-------------------------------------------
     0 | D:1      | Gadfly the Merfolk Shapeshifter began the quest for the
                  | Orb.
     0 | D:1      | Reached XP level 1. HP: 15/15 MP: 1/1
   223 | D:1      | Reached XP level 2. HP: 12/21 MP: 2/2
   608 | D:2      | Reached skill level 1 in Invocations
   612 | D:2      | Reached XP level 3. HP: 6/26 MP: 3/3
  1055 | D:2      | HP: 1/26 [kobold/+0 club (2)]
  1057 | D:2      | Gained mutation: You are dopey. (Int -2) [potion of
                  | mutation]
  1057 | D:2      | Slain by a kobold

Illustrated notes

Levels and vault maps discovered:
D:1:      minmay_arrival_checkered_box, layout_loops_ring
D:2:      layout_basic, minmay_fractal_squares_gapless_5, uniq_sigmund

Skill      XL: |  1  2 |
---------------+-------+-----
Invocations    | 1 |  1.1
Dodging        | 3 |  3.0
Fighting       | |  1.5
Unarmed Combat | |  3.6
Evocations     | |  0.9
Shapeshifting  | |  4.1

Action                     || total
---------------------------++-------
  Melee: Unarmed           ||    39
         Punch             ||     1
Ability: Begin Untransform ||     1
    Use: Scroll            ||     6
         Potion            ||     3
   Stab: Distracted        ||     1
         Sleeping          ||     1
 Armour: Animal skin       ||    31
  Dodge: Dodged            ||    26
   Form: Beast             ||     1
